 Dungeon Crawl Stone Soup version 0.30-a0-50-gb2d611f6b1 (webtiles) character file.

Game seed: 8865579627537818889

144 BritishOli the Trooper (level 5, -1/42 HPs)
             Began as a Demonspawn Fighter on Sept 1, 2022.
             Slain by a gnoll
             ... wielding a +0 flail
              (3 damage)
             ... on level 3 of the Dungeon on Sept 5, 2022.
             The game lasted 00:04:24 (3061 turns).

BritishOli the Trooper (Demonspawn Fighter)         Turns: 3061, Time: 00:04:25

Health: -1/42      AC:  6    Str: 18    XL:     5   Next: 5%
Magic:  5/5        EV:  9    Int:  9    God:
Gold:   141        SH:  5    Dex: 13    Spells: 4/4 levels left

rFire   . . .      SeeInvis .    a - +0 long sword
rCold   . . .      Faith    .    c - +0 buckler
rNeg    . . .      Spirit   .    b - +0 scale mail
rPois   .          Reflect  .    (helmet restricted)
rElec   .          Harm     .    (no cloak)
rCorr   .          Rampage  .    (no gloves)
Will    .....                    (no boots)
Stlth   ..........               (no amulet)
HPRegen 0.14/turn                (no ring)
MPRegen 0.09/turn                (no ring)

@: no status effects
A: antennae 1, hooves 1
a: no special abilities


You were on level 3 of the Dungeon.
You visited 1 branch of the dungeon, and saw 3 of its levels.

You collected 141 gold pieces.

Inventory:

Hand Weapons
 a - a +0 long sword (weapon)
Armour
 b - a +0 scale mail (worn)
 c - a +0 buckler (worn)
Scrolls
 e - 2 scrolls of poison {unknown}
 h - a scroll of acquirement {unknown}
 i - a scroll of vulnerability {unknown}
 j - 2 scrolls of magic mapping {unknown}
 k - 4 scrolls of identify {unknown}
 m - a scroll of fog {unknown}
 n - a scroll of noise {unknown}
Potions
 d - 3 potions of might
 f - a potion of experience {unknown}
 g - a potion of ambrosia {unknown}
 l - 2 potions of attraction {unknown}
 o - a potion of invisibility {unknown}
 p - a potion of heal wounds {unknown}


   Skills:
 + Level 3.9 Fighting
 + Level 2.8 Long Blades
 + Level 3.4 Armour
 + Level 3.4 Shields


You had 4 spell levels left.
You didn't know any spells.
Your spell library was empty.

Dungeon Overview and Level Annotations

Branches:
Dungeon (3/15)

Altars:

Shops:
D:1 *


Innate Abilities, Weirdness & Mutations

You have a pair of small antennae on your head.
You have large cloven feet.


Message History

The gnoll is severely wounded.
The gnoll misses you. You block the gnoll's attack.
The gnoll hits you with a +0 flail. The gnoll hits you with a +0 spear.
You hit the gnoll.
The gnoll is severely wounded.
The gnoll barely misses you. You block the gnoll's attack.
Your unstable footing causes you to fumble your attack.
The gnoll barely misses you. The gnoll hits you with a +0 spear.
Your unstable footing causes you to fumble your attack.
The gnoll closely misses you. You block the gnoll's attack.
The gnoll barely misses you. The gnoll hits you with a +0 spear.
You are too injured to fight recklessly!
You are too injured to fight recklessly!
You are too injured to fight recklessly!
You are too injured to fight recklessly!
You are too injured to fight recklessly!
You are too injured to fight recklessly!
You are too injured to fight recklessly!
You are too injured to fight recklessly!
The gnoll attacks as you move away! The gnoll hits you with a +0 flail.
The gnoll barely misses you.
You completely miss the gnoll.
The gnoll is severely wounded.
The gnoll hits you with a +0 flail.
* * * LOW HITPOINT WARNING * * *
The gnoll hits you with a +0 spear!
* * * LOW HITPOINT WARNING * * *
The gnoll hits you but does no damage.
You slash the gnoll!
You kill the gnoll!
The gnoll hits you but does no damage.
You have reached level 5!
Your demonic ancestry asserts itself...
Your feet thicken and deform.
You closely miss the gnoll. Your kick misses the gnoll.
You block the gnoll's attack.
You hit the gnoll.
The gnoll is moderately wounded.
The gnoll hits you with a +0 flail.
You die...

#....# #....# #....#
########''''############
........................
~~≈~~≈~~....~~~~~~~~≈~~~
≈≈≈≈≈≈≈~....~~~≈≈≈≈≈≈≈≈≈
~~~~~~~~g...~~~≈≈~≈~)~~~
......)@............)...
##########.....>########
######.########
#......... #########
#..####### #.......#
######..# #.......#
#.......# #.......#
#.####..# #....)..# #.#
#..#


You could see a gnoll.

Vanquished Creatures
  Jessica (D:2)
  3 gnolls (D:3)
  2 adders (D:3)
  2 worms (D:3)
  2 dart slugs
  3 orcs (D:3)
  4 ball pythons
  5 endoplasms (D:1)
  4 giant cockroaches
  9 goblins
  2 hobgoblins
  4 jackals (D:3)
  3 kobolds
  2 quokkas
  4 bats
  3 frilled lizards
  5 rats
58 creatures vanquished.

Notes
Turn   | Place    | Note
-------+----------+-------------------------------------------
     0 | D:1      | BritishOli the Demonspawn Fighter began the quest for the
                  | Orb.
     0 | D:1      | Reached XP level 1. HP: 18/18 MP: 1/1
   282 | D:1      | Discovered your monstrous ancestry.
   282 | D:1      | Gained mutation: You have a pair of small antennae on your
                  | head. [demonic ancestry]
   282 | D:1      | Reached XP level 2. HP: 24/24 MP: 2/2
   592 | D:1      | Found a faded altar of an unknown god.
   732 | D:1      | Reached XP level 3. HP: 22/29 MP: 3/3
   864 | D:1      | Found Uwodunac's General Store.
  1132 | D:2      | Noticed Jessica
  1141 | D:2      | Killed Jessica
  1461 | D:2      | Reached XP level 4. HP: 35/35 MP: 4/4
  2009 | D:3      | Upgraded the game from 0.30-a0-43-gbbf338a72c to
                  | 0.30-a0-50-gb2d611f6b1
  3058 | D:3      | HP: 1/37 [gnoll/+0 spear (8)]
  3060 | D:3      | Gained mutation: You have large cloven feet. [demonic
                  | ancestry]
  3060 | D:3      | Reached XP level 5. HP: 2/42 MP: 5/5
  3061 | D:3      | Slain by a gnoll

Illustrated notes

Levels and vault maps discovered:
D:1:      minmay_arrival_wavy_path, layout_rooms, ebering_ecumenical_altar_rust,
          serial_shops, shop_fountains, grunt_decor_cap
D:2:      layout_rooms, uniq_jessica
D:3:      lemuel_castle_with_subvaults [lemuel_castle_interior_carwin_2],
          layout_basic, minmay_vboxes

Skill      XL: |  1  2 |
---------------+-------+-----
Long Blades    | 2 |  2.8
Shields        | 3 |  3.4
Armour         | 3 |  3.4
Fighting       | |  3.9

Action                   |  1- 3 |  4- 6 || total
-------------------------+-------+-------++-------
Melee: Long sword        |    84 |   108 ||   192
 Stab: Distracted        |       |     1 ||     1
Armor: Scale mail        |    51 |    30 ||    81
Dodge: Dodged            |    38 |    46 ||    84
Block: Buckler           |    22 |    26 ||    48

Table legend: (Time is in decaauts)
 A = Elapsed time spent in this place.
 B = Non-inter-level travel time spent in this place.
 C = Inter-level travel time spent in this place.
 D = Time resting spent in this place.
 E = Time spent auto-exploring this place.
 F = Levels seen in this place.
 G = Mean time per level.
                   A        B        C        D        E       F      G
               +--------+--------+--------+--------+--------+-----+--------+
         Total |   3123 |   3023 |    100 |    555 |   2051 |   3 | 1041.0 |
       Dungeon |   3123 |   3023 |    100 |    555 |   2051 |   3 | 1041.0 |
               +--------+--------+--------+--------+--------+-----+--------+

Top non-repeatable levels by time:
     D:3: 1475 daAuts
     D:1: 954 daAuts
     D:2: 693 daAuts
